Map: 环轨星港

Players

iGXY (XY)

  • Race: Terran Terran
  • League: Master

三族统领随机娜

  • Race: Terran Terran
  • League: Master

iGiA (iAsonu) - Winner!

  • Race: Protoss Protoss
  • League: Master

Cloudy - Winner!

  • Race: Protoss Protoss
  • League: Master

Event: GPL 2015 - Grand Finals

VOD

Have the link to the VOD?

Description

Time

  • Played on: Jan. 17, 2016, 9:48 a.m.
  • Length: 8:07

All games in this series

Show
View Real Time Build Order
Export as new Build Order

iGXY Terran 

Build Orders: Reaper Expand 

Get SALT Encoding   

  12  0:00  SCV  
  13  0:12  SCV  
  14  0:17  Supply Depot  
  14  0:25  SCV  
  15  0:39  SCV  
  15  0:40  Barracks  
  16  0:44  Refinery  
  16  0:51  SCV  
  17  1:03  SCV  
  18  1:15  SCV  
  19  1:27  Orbital Command  
  19  1:28  Reaper  
  20  1:40  Command Center  
  20  1:49  Supply Depot  
  20  1:53  SCV  
  21  2:00  Barracks Reactor  
  21  2:05  SCV  
  22  2:17  SCV  
  23  2:23  Command Center  
  23  2:30  Factory  
  23  2:33  SCV  
  24  2:37  Marine x2  
  26  2:45  SCV  
  27  2:52  Orbital Command  
  27  2:55  Marine x2  
  27  2:57  SCV  
  30  3:09  SCV  
  31  3:12  Marine  
  31  3:13  Marine, Factory Tech Lab  
  31  3:16  Refinery  
  31  3:17  SCV  
  34  3:21  SCV  
  35  3:30  Marine x2, SCV  
  35  3:33  SCV  
  39  3:34  Cyclone  
  39  3:39  Orbital Command  
  42  3:42  SCV  
  42  3:45  SCV  
  42  3:48  Marine x2  
  43  3:54  SCV  
  46  3:58  SCV  
  47  4:06  Siege Tank, Marine x2  
  47  4:07  SCV  
  53  4:10  SCV  
  53  4:13  SCV  
  54  4:19  SCV  
  54  4:22  SCV  
  54  4:24  Marine x2  
  56  4:25  Barracks  
  56  4:26  SCV, Barracks  
  59  4:31  SCV  
  59  4:34  SCV  
  61  4:39  Supply Depot  
  61  4:40  Supply Depot x2  
  61  4:44  Supply Depot  
  61  4:46  Siege Tank, SCV  
  61  4:47  Marine x2  
  61  4:50  SCV  
  68  4:55  SCV  
  68  4:58  Engineering Bay  
  68  4:59  Refinery, Engineering Bay  
  68  5:09  SCV  
  68  5:11  Marine x2  
  68  5:16  SCV  
  68  5:18  Siege Tank  
  68  5:21  SCV  
  68  5:24  Engineering Bay  
  65  5:29  SCV  
  65  5:34  SCV  
  65  5:35  SCV, Missile Turret  
  63  5:37  Missile Turret  
  64  5:43  Barracks Tech Lab  
  64  5:49  Terran Infantry Weapons Level 1  
  63  5:50  Terran Infantry Armor Level 1  
  63  5:51  SCV  
  64  5:57  SCV  
  64  5:59  SCV  
  64  6:03  SCV  
  67  6:08  Supply Depot  
  67  6:09  SCV  
  67  6:11  Starport, SCV  
  69  6:15  SCV  
  70  6:21  SCV  
  70  6:23  SCV  
  70  6:25  Marine x2  
  74  6:26  Refinery  
  74  6:27  Marine x2, SCV  
  74  6:31  Factory Reactor  
  76  6:33  SCV  
  76  6:34  Barracks  
  76  6:35  SCV, Barracks  
  76  6:39  SCV, Missile Turret  
  79  6:40  Missile Turret  
  79  6:45  SCV  
  80  6:47  SCV  
  80  6:49  Marine x4  
  80  6:50  Viking  
  80  6:51  SCV  
  88  6:57  SCV  
  88  6:59  Orbital Command  
  88  7:00  Armory  
  90  7:10  SCV  
  90  7:11  Missile Turret  
  90  7:14  SCV  
  91  7:17  Missile Turret  
  91  7:21  Factory Reactor  
  91  7:22  SCV  
  89  7:23  Marauder  
  89  7:25  Refinery  
  89  7:26  Barracks Reactor  
  89  7:27  SCV x2  
  89  7:29  Barracks Tech Lab  
  93  7:30  Refinery  
  93  7:31  Marauder  
  93  7:35  Supply Depot  
  93  7:36  Supply Depot  
  101  7:40  Supply Depot x2  
  101  7:43  Supply Depot  
  101  7:44  Supply Depot  
Show
View Real Time Build Order
Export as new Build Order

三族统领随机娜 Terran 

Build Orders:  

Get SALT Encoding   

  12  0:01  Probe (Chrono Boost)  
  13  0:11  Probe (Chrono Boost)  
  14  0:19  Pylon  
  14  0:22  Probe (Chrono Boost)  
  15  0:37  Probe (Chrono Boost)  
  15  0:39  Gateway  
  15  0:41  Assimilator  
  16  0:47  Probe (Chrono Boost)  
  17  0:58  Probe (Chrono Boost)  
  18  1:08  Probe (Chrono Boost)  
  19  1:21  Nexus  
  19  1:32  Cybernetics Core  
  19  1:34  Probe (Chrono Boost)  
  20  1:41  Assimilator  
  20  1:46  Probe (Chrono Boost)  
  21  1:50  Pylon  
  21  1:56  Probe (Chrono Boost)  
  21  2:01  Warp Gate  
  22  2:04  Adept  
  24  2:11  Probe (Chrono Boost)  
  25  2:20  Twilight Council  
  26  2:23  Probe (Chrono Boost)  
  26  2:33  Probe (Chrono Boost)  
  26  2:34  Adept  
  26  2:35  Probe (Chrono Boost)  
  28  2:44  Probe (Chrono Boost)  
  31  2:48  Probe (Chrono Boost)  
  31  2:49  Resonating Glaives  
  32  2:55  Probe (Chrono Boost)  
  32  2:57  Robotics Facility  
  33  3:04  Probe (Chrono Boost)  
  35  3:07  Probe (Chrono Boost)  
  35  3:10  Adept  
  37  3:16  Probe (Chrono Boost)  
  39  3:20  Pylon  
  39  3:21  Probe (Chrono Boost)  
  40  3:28  Probe (Chrono Boost)  
  40  3:33  Probe (Chrono Boost)  
  41  3:40  Probe (Chrono Boost), Warp Prism  
  44  3:51  Gateway  
  44  3:52  Gateway  
  44  3:54  Gateway  
  44  4:00  Probe (Chrono Boost)  
  44  4:01  Probe (Chrono Boost), Pylon  
  46  4:03  Pylon  
  46  4:04  Adept  
  48  4:16  Observer  
  48  4:21  Probe (Chrono Boost)  
  48  4:22  Probe (Chrono Boost)  
  51  4:32  Probe (Chrono Boost)  
  51  4:34  Mothership Core (Chrono Boost)  
  54  4:39  Nexus  
  54  4:43  Probe (Chrono Boost)  
  55  4:46  Observer  
  57  4:54  Probe (Chrono Boost), Pylon  
  57  4:55  Probe (Chrono Boost)  
  57  4:57  Assimilator  
  57  4:58  Assimilator  
  57  4:59  Adept x2  
  62  5:00  Adept  
  62  5:01  Adept  
  62  5:04  Pylon  
  62  5:05  Probe (Chrono Boost), Immortal  
  62  5:06  Probe (Chrono Boost)  
  68  5:10  Blink  
  68  5:18  Probe (Chrono Boost)  
  68  5:19  Probe (Chrono Boost)  
  66  5:27  Pylon  
  64  5:30  Probe (Chrono Boost)  
  64  5:31  Probe (Chrono Boost)  
  60  5:40  Probe (Chrono Boost), Sentry x3  
  68  5:44  Probe (Chrono Boost)  
  68  5:45  Gateway  
  68  5:47  Gateway  
  68  5:48  Gateway  
  68  5:51  Immortal  
  68  5:52  Probe (Chrono Boost)  
  73  6:01  Probe (Chrono Boost)  
  73  6:02  Sentry  
  73  6:03  Probe (Chrono Boost)  
  77  6:08  Probe (Chrono Boost), Gateway  
  78  6:12  Probe (Chrono Boost)  
  78  6:15  Probe (Chrono Boost), Adept  
  82  6:19  Stalker x2  
  82  6:22  Probe (Chrono Boost)  
  82  6:23  Probe (Chrono Boost)  
  88  6:31  Pylon  
  88  6:33  Pylon  
  88  6:36  Adept  
  88  6:37  Pylon  
  88  6:39  Probe (Chrono Boost)  
  91  6:44  Adept x2  
  91  6:45  Stalker x2  
  91  6:46  Stalker  
  99  6:49  Stalker  
  100  6:58  Probe (Chrono Boost)  
  100  7:00  Probe (Chrono Boost), Assimilator  
  103  7:02  Stalker, Probe (Chrono Boost)  
  103  7:05  Assimilator  
  103  7:08  Stalker x2  
  109  7:09  Stalker x2  
  114  7:16  Probe (Chrono Boost)  
  114  7:20  Stalker x2, Probe (Chrono Boost)  
  119  7:26  Adept  
  121  7:31  Adept  
  121  7:32  Adept x3  
  121  7:36  Adept  
  131  7:49  Pylon  
  131  7:50  Pylon  
  131  7:52  Pylon  
  125  7:58  Adept x4  
  133  8:04  Pylon  
Show
View Real Time Build Order
Export as new Build Order

iGiA Protoss - Winner!

Build Orders:  

Get SALT Encoding   

Show
View Real Time Build Order
Export as new Build Order

Cloudy Protoss - Winner!

Build Orders:  

Get SALT Encoding   

Tags
 
Add a new tag
Caveats
  • Supply blocks, unpowered buildings, or Contaminate may cause inaccurate times.
  • Supply counts are checked every 10 seconds.